 Dungeon Crawl Stone Soup version 0.30-a0-341-g682706514a (webtiles) character file.

Game seed: 4560727663769267660

7459 experimilk the Frost Mage (level 10, 0/85 HPs)
             Began as a White Draconian Conjurer on Nov 4, 2022.
             Was a Believer of Ru.
             Succumbed to a water moccasin's poison
             ... on level 9 of the Dungeon.
             The game lasted 00:38:00 (15437 turns).

experimilk the Frost Mage (DrCj)                   Turns: 15437, Time: 00:38:01

Health: 0/85       AC: 13    Str:  8 (10) XL:     10   Next: 94%
Magic:  3/18       EV: 11    Int: 22 (23) God:    Ru [**....]
Gold:   440        SH:  0    Dex:  6 (9)  Spells: 6/19 levels left

rFire   . . .      SeeInvis .    E - staff of conjuration
rCold   + . .      Faith    .    (no shield)
rNeg    . . .      Spirit   .    (body armour unavailable)
rPois   .          Reflect  .    (helmet restricted)
rElec   .          Harm     .    c - +0 cloak
rCorr   .          Rampage  .    u - +0 pair of gloves
Will    .....      Clarity  +    (no boots)
Stlth   +.........               h - amulet of regeneration
HPRegen 1.14/turn                n - ring of wizardry
MPRegen 0.16/turn                v - +4 ring of protection

@: lethally poisoned (0 -> -3), invisible
A: breathe frost, AC +7, unfitting armour, cold resistance 1, cold-blooded,
cowardly, missing an eye, clarity, deterioration 1, robust 1, no potion heal 1
a: Breathe Frost, Renounce Religion


You were on level 9 of the Dungeon.
You worshipped Ru.
Ru was pleased with you.
You visited 1 branch of the dungeon, and saw 9 of its levels.

You collected 440 gold pieces.

Inventory:

Hand Weapons
 j - a +3 dagger
 m - a +0 quarterstaff
 H - the +3 dagger of the Pyrrhic Victory {spect, Str+7}
   (You took it off an orc wizard on level 8 of the Dungeon)

   When its wielder attacks, the weapon's spirit leaps out and strikes again.
   The spirit shares a part of any damage it takes with its wielder.
   Str:       It affects your strength (+7).
Missiles
 A - 2 throwing nets
Armour
 c - a +0 cloak (worn)
 u - a +0 pair of gloves (worn)
Magical Staves
 E - a staff of conjuration (weapon)
Jewellery
 e - a ring of resist corrosion
 h - an amulet of regeneration (around neck)
 l - a +6 ring of dexterity
 n - a ring of wizardry (left hand)
 o - a ring of flight
 v - a +4 ring of protection (right hand)
Wands
 d - a wand of digging (6)
 i - a wand of mindburst (7)
 y - a wand of charming (1)
Scrolls
 g - 2 scrolls of poison
 k - a scroll of teleportation
 t - 4 scrolls of magic mapping
 w - a scroll of immolation
 B - a scroll of blinking {unknown}
 C - 2 scrolls of enchant armour {unknown}
 D - a scroll of enchant weapon {unknown}
 F - a scroll of fog {unknown}
Potions
 f - a potion of mutation
 q - 2 potions of degeneration
 r - a potion of cancellation
 s - a potion of haste
 z - a potion of attraction {unknown}
 G - a potion of lignification {unknown}


   Skills:
 - Level 4.0 Fighting
 - Level 2.0 Dodging
 - Level 1.7 Stealth
 + Level 5.4 Spellcasting
 - Level 10.0 Conjurations
 - Level 4.0 Hexes
 * Level 13.7 Ice Magic


You had 6 spell levels left.
You knew the following spells:

 Your Spells              Type           Power      Damage    Failure   Level
a - Ozocubu's Armour      Ice            60%        N/A       1%          3
c - Fulminant Prism       Conj/Hex       26%        3d14      2%          4
q - Magic Dart            Conj           100%       1d8       1%          1
x - Dazzling Flash        Conj/Hex       100%       N/A       1%          3
z - Searing Ray           Conj           100%       2d8       1%          2

Your spell library contained the following spells:

 Spells                   Type           Power      Damage    Failure   Level
 Hailstorm                Conj/Ice       72%        3d15      1%          3
 Ice Form                 Ice/Tmut       36%        N/A       2%          4
 Iskenderun's Mystic Bla  Conj/Tloc      41%        2d9       4%          4
 Simulacrum               Ice/Necr       18%        N/A       32%         6
 Ozocubu's Refrigeration  Ice            30%        4d14      12%         7


Dungeon Overview and Level Annotations

Branches:
Dungeon (9/15)             Temple (0/1) D:7            Lair (0/5) D:8
    Orc: D:9-12

Altars:
Dithmenos
Fedhas
Gozag
Makhleb
Ru

Portals:
Abyss: D:5

Annotations:
D:5 2 transporters, blackman's ghost, amateur HuDe


Innate Abilities, Weirdness & Mutations

You can breathe waves of freezing cold which knock back foes.
Your icy white scales are hard. (AC +7)
You cannot fit into any form of body armour.
Your flesh is cold resistant. (rC+)
You are cold-blooded and may be slowed by cold attacks.
Your cowardice makes you less effective in combat with threatening foes.
You are missing an eye, making it more difficult to aim.
You possess an exceptional clarity of mind.
Your body sometimes deteriorates upon taking damage.
You are robust. (+10% HP)
Potions are less effective at restoring your health.


Message History

The water moccasin poisons you!
Your wight barely misses the wraith.
Your wight hits the yak from afar with a +3 halberd!
Your yak closely misses the water moccasin.
Your centaur hits the yak.
Your centaur kicks the yak but does no damage.
Your bullfrog hits the yak.
It was a potion of mutation.
You feel extremely strange.
You feel yourself wasting away.
Your system partially rejects the healing effects of potions.
Your thoughts seem clearer.
You feel robust.
* * * LOW HITPOINT WARNING * * *
You feel very sick. The water moccasin barely misses you.
Your centaur barely misses the yak.
Your centaur kicks the yak.
Your bullfrog barely misses the yak.
The yak gores your centaur! The wraith closely misses your wight.
Your yak gores the wraith but does no damage.
Your wight barely misses the water moccasin.
Your wight hits the wraith but does no damage.
Your yak gores the water moccasin.
Your wight hits the yak from afar with a +3 halberd.
Your wight drains the yak.
The yak dies!
The water moccasin bites you but does no damage.
It was a potion of invisibility.
You fade into invisibility!
* * * LOW HITPOINT WARNING * * *
You feel very sick. The wraith misses your wight.
Your yak gores the water moccasin.
Your wight barely misses the water moccasin.
Your wight barely misses the wraith.
Your wight hits the water moccasin from afar with a +3 halberd.
Your yak gores the water moccasin!
The water moccasin dies!
Your centaur hits the wraith but does no damage.
Your centaur kicks the wraith but does no damage.
Your bullfrog hits the wraith but does no damage.
It was a potion of degeneration.
There was something very wrong with that liquid.
You feel weakened.
You feel dopey.
You feel clumsy.
You die...

#####.#
#.....#
#.....#
#.....# #
#>....#.# .#.
#..YYz#.#....
#..Y†Yzz.....
#@Wz.....
#cF.#.#..
#...# #.....
#.###.. #..
...# ### ...
.#


You could see a wraith (distracted, ally target), 4 friendly yaks, a friendly
bullfrog (summoned), a friendly centaur (summoned) and 4 friendly wights.

Vanquished Creatures
  2 two-headed ogres (D:8)
  Pikel (D:7)
  Joseph (D:8)
  Maggie (D:7)
  Sigmund (D:3)
  2 wyverns (D:7)
  6 yaks
  2 sky beasts
  2 orc warriors
  3 ice beasts
  A black bear (D:8)
  3 ogres
  2 centaurs
  A kobold brigand (D:8)
  2 necrophages
  4 bullfrogs
  5 scorpions
  4 wights (D:8)
  4 killer bees
  A howler monkey (D:5)
  3 jellies
  5 hounds
  4 orc priests
  3 gnoll boudas
  4 iguanas
  9 orc wizards
  Robin (D:3)
  28 gnolls
  4 adders
  A white imp (D:5)
  2 worms
  A dart slug (D:2)
  26 orcs
  8 ball pythons
  3 bats
  7 endoplasms
  4 giant cockroaches
  22 goblins
  14 hobgoblins
  7 jackals
  11 kobolds
  3 quokkas
  4 frilled lizards
  10 rats
232 creatures vanquished.

Vanquished Creatures (collateral kills)
  2 yaks (D:9)
  A water moccasin (D:9)
3 creatures vanquished.

Vanquished Creatures (others)
  22 fulminant prisms
  19 fungi (D:8)
  23 plants (D:8)
64 creatures vanquished.

Grand Total: 299 creatures vanquished

Notes
Turn   | Place    | Note
-------+----------+-------------------------------------------
     0 | D:1      | experimilk the Draconian Conjurer began the quest for the
                  | Orb.
     0 | D:1      | Reached XP level 1. HP: 14/14 MP: 3/3
   447 | D:1      | Reached XP level 2. HP: 20/20 MP: 1/5
   607 | D:1      | Learned a level 2 spell: Searing Ray
  1057 | D:1      | Reached skill level 5 in Conjurations
  1243 | D:2      | Reached XP level 3. HP: 26/26 MP: 2/6
  1629 | D:2      | Learned a level 3 spell: Dazzling Flash
  1689 | D:2      | Reached skill level 1 in Hexes
  1689 | D:2      | Reached XP level 4. HP: 28/33 MP: 2/7
  3062 | D:3      | Noticed Sigmund
  3076 | D:3      | Killed Sigmund
  3077 | D:3      | Reached XP level 5. HP: 38/38 MP: 1/8
  3077 | D:3      | Reached XP level 6. HP: 45/45 MP: 1/9
  3699 | D:3      | Noticed Robin
  3736 | D:3      | Killed Robin
  5071 | D:4      | Your scales start taking on an icy white colour.
  5071 | D:4      | Reached XP level 7. HP: 29/50 MP: 0/10
  5071 | D:4      | Gained mutation: Your flesh is cold resistant. (rC+) [White
                  | Draconian growth]
  5235 | D:4      | Learned a level 3 spell: Ozocubu's Armour
  5326 | D:4      | Reached skill level 1 in Ice Magic
  5611 | D:4      | Found a sacrificial altar of Ru.
  5775 | D:4      | Became a worshipper of Ru the Awakened
  5821 | D:5      | Entered Level 5 of the Dungeon
  5954 | D:5      | Reached skill level 2 in Ice Magic
  6080 | D:5      | Reached skill level 3 in Ice Magic
  6728 | D:5      | Reached XP level 8. HP: 57/57 MP: 5/12
  6791 | D:5      | Found a transporter.
  6800 | D:5      | Found a one-way gate to the infinite horrors of the Abyss.
  6800 | D:5      | Found a transporter.
  6800 | D:5      | Noticed blackman's ghost (amateur HuDe)
  6867 | D:5      | Reached skill level 4 in Ice Magic
  7063 | D:5      | Learned a level 4 spell: Fulminant Prism
  7804 | D:6      | Reached skill level 5 in Ice Magic
  8331 | D:6      | Reached skill level 6 in Ice Magic
  8556 | D:6      | Gained mutation: You are missing an eye, making it more
                  | difficult to aim. [Ru sacrifice]
  8556 | D:6      | Reached * piety under Ru
  8847 | D:6      | Reached XP level 9. HP: 62/62 MP: 11/15
  9873 | D:7      | Reached skill level 7 in Ice Magic
 10382 | D:7      | Reached skill level 10 in Conjurations
 10382 | D:7      | Reached skill level 8 in Ice Magic
 10842 | D:7      | Noticed Pikel
 10855 | D:7      | Killed Pikel
 10856 | D:7      | Reached skill level 10 in Ice Magic
 11009 | D:7      | Found a staircase to the Ecumenical Temple.
 11150 | D:7      | Reached skill level 1 in Fighting
 11154 | D:7      | Noticed Maggie
 11175 | D:7      | Killed Maggie
 11596 | D:7      | Reached skill level 11 in Ice Magic
 11596 | D:7      | Reached XP level 10. HP: 62/73 MP: 9/16
 11711 | D:7      | Found a burning altar of Makhleb.
 12095 | D:8      | Noticed a two-headed ogre
 12105 | D:8      | Killed a two-headed ogre
 12106 | D:8      | Reached skill level 12 in Ice Magic
 13070 | D:8      | Found an opulent altar of Gozag.
 13185 | D:8      | Noticed Joseph
 13481 | D:8      | Found a blossoming altar of Fedhas.
 14138 | D:8      | Identified the +3 dagger of the Pyrrhic Victory {spect,
                  | Str+7}
 14207 | D:8      | Gained mutation: Your cowardice makes you less effective in
                  | combat with threatening foes. [Ru sacrifice]
 14207 | D:8      | Reached ** piety under Ru
 14485 | D:8      | Killed Joseph
 14675 | D:8      | Noticed a two-headed ogre
 15007 | D:8      | Killed a two-headed ogre
 15008 | D:8      | Reached skill level 5 in Spellcasting
 15008 | D:8      | Reached skill level 13 in Ice Magic
 15127 | D:8      | Found a shadowy altar of Dithmenos.
 15218 | D:8      | Found a staircase to the Lair.
 15435 | D:9      | Gained mutation: Your body sometimes deteriorates upon
                  | taking damage. [potion of mutation]
 15435 | D:9      | Gained mutation: Potions are less effective at restoring
                  | your health. [potion of mutation]
 15435 | D:9      | Gained mutation: You possess an exceptional clarity of
                  | mind. [potion of mutation]
 15435 | D:9      | Gained mutation: You are robust. (+10% HP) [potion of
                  | mutation]
 15435 | D:9      | HP: 4/85 [poisoned by a water moccasin]
 15437 | D:9      | Succumbed to a water moccasin's poison

Illustrated notes

Levels and vault maps discovered:
D:1:      dpeg_arrival_morbid_curiosity, layout_rooms
D:2:      layout_loops_cross, kennysheep_path_1, minmay_fountain_box
D:3:      layout_basic, grunt_ministairs_6, uniq_robin, uniq_sigmund
D:4:      layout_rooms, old_standard_altar
D:5:      layout_basic, gammafunk_ghost_abyssal_escape
D:6:      layout_gridville
D:7:      layout_rooms, mainiacjoe_overflow_brackets, temple_pool_b, uniq_pikel,
          uniq_maggie
D:8:      layout_cave_pods, lemuel_doored_altar, marbit_many_paths,
          old_standard_altar, grunt_lair_entry_orc_guard_hut,
          nicolae_two_hexagons, uniq_joseph
D:9:      layout_basic, kennysheep_orc_monster_closet_entryway

Skill      XL: |  1  2  3  4  5  6  7  8  9 10 |
---------------+-------------------------------+-----
Conjurations   | 5 6 7 8 9 10 | 10.0
Hexes          | 1 2 3 4 |  4.0
Ice Magic      | 3 6 11 13 | 13.7
Spellcasting   | 3 4 5 |  5.4
Fighting       | 2 4 |  4.0
Dodging        | 2 |  2.0
Stealth        | |  1.7

Action                   |  1- 3 |  4- 6 |  7- 9 | 10-12 || total
-------------------------+-------+-------+-------+-------++-------
Melee: Unarmed           |     8 |       |       |       ||     8
       Tailslap          |     1 |     5 |     3 |     1 ||    10
       Dagger            |    15 |       |       |       ||    15
       Quarterstaff      |       |    52 |    46 |       ||    98
       Staff             |       |       |    13 |    37 ||    50
       Punch             |       |       |     1 |       ||     1
 Cast: Magic Dart        |    52 |    98 |   116 |    53 ||   319
       Searing Ray       |     2 |    17 |    47 |    27 ||    93
       Dazzling Flash    |       |     1 |     2 |     2 ||     5
       Ozocubu's Armour  |       |       |     6 |     3 ||     9
       Fulminant Prism   |       |       |     9 |    13 ||    22
Invok: Sacrifice an Eye  |       |       |     1 |       ||     1
       Sacrifice Courage |       |       |       |     1 ||     1
 Abil: Breathe Frost     |       |       |     7 |     3 ||    10
Evoke: Wand              |       |       |     3 |       ||     3
  Use: Scroll            |     2 |     1 |     6 |     5 ||    14
       Potion            |     1 |     1 |     2 |     9 ||    13
Armor: Skin              |    14 |    35 |    47 |    69 ||   165
Dodge: Dodged            |    17 |    70 |    76 |   101 ||   264

Table legend: (Time is in decaauts)
 A = Elapsed time spent in this place.
 B = Non-inter-level travel time spent in this place.
 C = Inter-level travel time spent in this place.
 D = Time resting spent in this place.
 E = Time spent auto-exploring this place.
 F = Levels seen in this place.
 G = Mean time per level.
                   A        B        C        D        E       F      G
               +--------+--------+--------+--------+--------+-----+--------+
         Total |  15457 |  15080 |    377 |   8371 |   4804 |   9 | 1717.4 |
       Dungeon |  15457 |  15080 |    377 |   8371 |   4804 |   9 | 1717.4 |
               +--------+--------+--------+--------+--------+-----+--------+

Top non-repeatable levels by time:
     D:8: 3142 daAuts
     D:7: 2471 daAuts
     D:3: 2120 daAuts
     D:6: 2026 daAuts
     D:5: 1955 daAuts
     D:2: 1355 daAuts
     D:1: 1203 daAuts
     D:4: 1156 daAuts
     D:9: 25 daAuts
